 Dungeon Crawl Stone Soup version 0.32-a0-411-g744942f433 (webtiles) character file.

Game seed: 5346259157128087391

1176 Xavori the Trooper (level 8, -5/58 HPs)
             Began as a Djinni Chaos Knight on Feb 20, 2024.
             Was a Plaything of Xom.
             Slain by a chaos spawn (6 damage)
             ... summoned by Xom
             ... on level 5 of the Dungeon.
             The game lasted 00:07:35 (12044 turns).

Xavori the Trooper (Djinni Chaos Knight)           Turns: 12044, Time: 00:07:36

Health: -5/58      AC:  8    Str: 12    XL:     8   Next: 69%
Gold:   1107       EV: 18    Int: 20    God:    Xom [*.....] SH:  0 Dex: 16

rFire   + + +        a - +0 falchion (chaos)
rCold   x . .        (no shield)
rNeg    . . .        b - +2 leather armour
rPois   ∞            j - +0 helmet
rElec   .            h - scarf {shadows}
rCorr   .            u - +0 pair of gloves
SInv    .            (boots unavailable)
Will    .....        g - amulet of faith
Stlth   +            l - +5 ring of evasion
HPRegen 0.29/turn    (no ring)
MPRegen 0.00/turn

%: faith, infuse magic (-6 HP)
@: flying, studying Ranged Weapons
A: sickness immunity, fire resistance 3, cold vulnerability 1, float, innate
caster, HP casting, extra vitality 1, iridescent scales 1, agile 1, clever 2,
deformed body, sense surroundings 1, strong 1, wild magic 1
a: Renounce Religion


You were on level 5 of the Dungeon.
You worshipped Xom.
You were a special plaything of Xom.
You visited 1 branch of the dungeon, and saw 5 of its levels.
You also visited: Ossuary.

You collected 1107 gold pieces.

Inventory:

Hand Weapons
 a - a +0 falchion of chaos (weapon)
Missiles
 q - a throwing net (quivered)
Armour
 b - a +2 leather armour (worn)
 h - a scarf of shadows (worn)
 j - a +0 helmet (worn)
 u - a +0 pair of gloves (worn)
Jewellery
 g - an amulet of faith (around neck)
 l - a +5 ring of evasion (left hand)
Wands
 i - a wand of iceblast (19)
 x - a wand of paralysis (2)
 y - a wand of light (10)
Scrolls
 c - a scroll of butterflies
 e - a scroll of torment
 f - 4 scrolls of immolation
 k - a scroll of noise
 o - 3 scrolls of teleportation
 r - a scroll of fog {unknown}
 s - a scroll of vulnerability
 z - a scroll of revelation {unknown}
 A - a scroll of enchant armour
Potions
 d - 3 potions of attraction {unknown}
 m - 5 potions of enlightenment
 n - 2 potions of might
 p - a potion of lignification {unknown}
 t - 2 potions of heal wounds {unknown}
 v - 4 potions of haste {unknown}
 B - a potion of degeneration {unknown}
 C - a potion of berserk rage {unknown}
 D - a potion of curing


   Skills:
 + Level 4.9 Fighting
 + Level 4.4 Long Blades
 + Level 3.8 Armour
 + Level 4.7 Dodging
 * Level 4.2 Spellcasting
 * Level 4.2 Conjurations
 * Level 4.2 Hexes
   Level 0.0 Charms
 * Level 4.2 Summonings
 * Level 4.2 Necromancy
 * Level 4.2 Translocations
   Level 0.0 Transmutations
 * Level 4.2 Fire Magic
 * Level 4.2 Ice Magic
 * Level 4.2 Air Magic
 * Level 4.2 Earth Magic
 * Level 4.2 Alchemy


You knew the following spells:

 Your Spells              Type           Power      Damage    Failure   Level
a - Foxfire               Conj/Fire      100%       2x1d9     4%          1
b - Ensorcelled Hibernat  Hex/Ice        54%        N/A       7%          2
c - Static Discharge      Conj/Air       54%        3-6/arc   7%          2
Your spell library was empty.

Dungeon Overview and Level Annotations

Branches:
Dungeon (5/15)            Ossuary (visited)
 Temple: D:4-7

Altars:
Xom


Innate Abilities, Weirdness & Mutations

You are immune to sickness and miasma.
You are immune to poison.
Your flesh is almost immune to the effects of heat. (rF+++)
You are vulnerable to cold. (rC-)
You float through the air rather than walking.
You learn spells naturally, not from books.
Your magical power is your life essence.
You have superior vitality. (+4 MHP)
You are partially covered in iridescent scales. (AC +2)
You are agile. (Dex +4, Str/Int -1)
Your mind is very acute. (Int +8, Str/Dex -2)
Armour fits poorly on your strangely shaped body.
You passively map a small area around you.
Your muscles are strong. (Str +4, Int/Dex -1)
Your spells are a little harder to cast, but a little more powerful.


Message History

No target in view!
No target in view!
You reach down and open the door.
There is an open door here.
Found a flail.
An ogre comes into view. It is wielding a +0 giant spiked club.
An ogre is nearby!
The ogre shouts!
The ogre closely misses you.
You barely miss the ogre.
The ogre hits you with a +0 giant spiked club!!
Ouch! That really hurt!
You are too injured to fight recklessly!
You are too injured to fight recklessly!
You hit the ogre but do no damage. You barely miss the ogre.
The ogre barely misses you.
You barely miss the ogre.
The ogre closely misses you. "Fight to survive, mortal." "Hum-dee-hum-dee-hum..."
The crimson imp suddenly seems more resistant.
The crimson imp closely misses you. The chaos spawn tail-slaps you!
* * * LOW HITPOINT WARNING * * *
You are engulfed in flames.
You resist.
* * * LOW HITPOINT WARNING * * *
The orange demon stings you but does no damage.
The orange demon misses you.
As you read the scroll of fear, it crumbles to dust.
You assume a fearsome visage.
The ogre looks frightened!
The crimson imp looks frightened!
The chaos spawn resists with almost no effort.
The crimson imp looks frightened!
The orange demon looks frightened!
The white imp looks frightened!
The ogre cries, "Mercy!"
The crimson imp blinks!
The chaos spawn misses you.
The crimson imp blinks!
The crimson imp blinks!
As you open the door, it creaks loudly! The chaos spawn trunk-slaps you!
* * * LOW HITPOINT WARNING * * *
The chaos spawn shocks you.
You die...

###### #....# , ,
#.5..# * ,, ,#..5)#
*#...#....###########
* *
##...#####.....4.....
,
.........#...........
*
.........#4..........
.........#@..........
* ,
#.......'...........
, , ,
#.......#...........
, * ,
#...##..##§########+
, #.. ##..##.[.# + ,
* *#. ,#........#,, ,
, , # ,,#...###### **
* , , ##..# ,,* ,* *
* , #..#*,, +,, ,


You could see an orange demon (summoned, fleeing) and a chaos spawn (summoned).

Vanquished Creatures
  Sigmund (D:3)
  A water moccasin (D:5)
  An orc warrior (D:4)
  A centaur (D:4)
  A scorpion (D:5)
  A burial acolyte (Ossuary)
  A spectral scorpion (Ossuary)
  3 centaur zombies (Ossuary)
  An orc priest (D:4)
  A human zombie (Ossuary)
  An iguana (D:4)
  2 hound zombies (Ossuary)
  3 mummies (Ossuary)
  A river rat (D:4)
  3 adders
  4 gnolls (D:3)
  5 adder zombies (Ossuary)
  A ribbon worm (D:2)
  A dart slug (D:4)
  3 orcs
  8 endoplasms
  A giant cockroach (D:2)
  2 gnoll zombies (Ossuary)
  6 hobgoblins
  3 jackals (D:1)
  3 quokkas
  8 ball pythons
  2 ball python zombies (Ossuary)
  4 bats
  8 frilled lizards
  7 goblins
  4 jackal zombies (Ossuary)
  9 kobolds
  8 kobold zombies (Ossuary)
  2 orc zombies (Ossuary)
  5 rats
116 creatures vanquished.

Vanquished Creatures (collateral kills)
  Pargi (D:3)
1 creature vanquished.

Vanquished Creatures (others)
  A frilled lizard zombie (D:3)
1 creature vanquished.

Grand Total: 118 creatures vanquished

Notes
Turn   | Place    | Note
-------+----------+-------------------------------------------
     0 | D:1      | Xavori the Djinni Chaos Knight began the quest for the Orb.
     0 | D:1      | Reached XP level 1. HP: 20/20 MP: 0/0
    87 | D:1      | Found a faded altar of an unknown god.
    97 | D:1      | Reached XP level 2. HP: 19/25 MP: 0/0
   271 | D:1      | XOM: silly message
   433 | D:1      | Reached XP level 3. HP: 25/30 MP: 0/0
   433 | D:1      | Learned a level 1 spell: Foxfire
   466 | D:1      | XOM: divination: detect items
   493 | D:1      | Reached skill level 1 in Spellcasting
   493 | D:1      | Reached skill level 1 in Conjurations
   493 | D:1      | Reached skill level 1 in Hexes
   493 | D:1      | Reached skill level 1 in Summonings
   493 | D:1      | Reached skill level 1 in Necromancy
   493 | D:1      | Reached skill level 1 in Translocations
   493 | D:1      | Reached skill level 1 in Fire Magic
   493 | D:1      | Reached skill level 1 in Ice Magic
   493 | D:1      | Reached skill level 1 in Air Magic
   493 | D:1      | Reached skill level 1 in Earth Magic
   493 | D:1      | Reached skill level 1 in Alchemy
   966 | D:1      | XOM: silly message
  1116 | D:1      | XOM: silly message
  1276 | D:1      | XOM: divination: magic mapping
  1465 | D:1      | XOM is BORED!
  1465 | D:1      | XOM: silly message
  1501 | D:1      | XOM: silly message
  1528 | D:1      | XOM: draining
  1673 | D:1      | XOM: give mutations
  1673 | D:1      | Gained mutation: Your spells are a little easier to cast,
                  | but a little less powerful. [Xom's mischief]
  1687 | D:1      | XOM: scenery: summon butterflies
  1974 | D:1      | XOM is BORED!
  1974 | D:1      | XOM: give mutations
  1974 | D:1      | Gained mutation: You have a somewhat thin skeletal
                  | structure. (Dex +2, Stealth+) [Xom's mischief]
  1974 | D:1      | Gained mutation: Armour fits poorly on your strangely
                  | shaped body. [Xom's mischief]
  2124 | D:1      | XOM: god gift: scale mail {god gift}
  2144 | D:1      | XOM: draining
  2162 | D:1      | XOM: give mutations
  2162 | D:1      | Gained mutation: Your mind is acute. (Int +4, Str/Dex -1)
                  | [Xom's grace]
  2162 | D:1      | Gained mutation: You are somewhat resistant to further
                  | mutation. [Xom's grace]
  2162 | D:1      | Gained mutation: Your mind is very acute. (Int +8, Str/Dex
                  | -2) [Xom's grace]
  2162 | D:1      | Gained mutation: Your flesh is almost immune to the effects
                  | of heat. (rF+++) [Xom's grace]
  2285 | D:1      | XOM: god gift: glowing yellow potion {god gift}
  2564 | D:1      | XOM: divination: magic mapping
  2604 | D:1      | XOM: give mutations
  2604 | D:1      | Lost mutation: You are somewhat resistant to further
                  | mutation. [Xom's mischief]
  2604 | D:1      | Lost mutation: Your spells are a little easier to cast, but
                  | a little less powerful. [Xom's mischief]
  2604 | D:1      | Gained mutation: Your spells are a little easier to cast,
                  | but a little less powerful. [Xom's mischief]
  2988 | D:1      | XOM: summons 4 hostile shadow creatures
  3031 | D:2      | XOM: give mutations
  3031 | D:2      | Lost mutation: Your spells are a little easier to cast, but
                  | a little less powerful. [Xom's grace]
  3031 | D:2      | Gained mutation: Your muscles are strong. (Str +4, Int/Dex
                  | -1) [Xom's grace]
  3031 | D:2      | Gained mutation: You are agile. (Dex +4, Str/Int -1) [Xom's
                  | grace]
  3031 | D:2      | Gained mutation: You passively dampen the noise of your
                  | surroundings. [Xom's grace]
  3060 | D:2      | XOM: god gift: orcbow {god gift}
  3117 | D:2      | XOM: cloud trail
  3675 | D:1      | XOM: scenery: create altars
  3737 | D:1      | XOM: scenery: create altars
  3774 | D:1      | XOM: god gift: wand of iceblast (8)
  3960 | D:1      | XOM: god gift: scroll labelled UVVOKH LUETSAHUQO {god gift}
  3963 | D:1      | XOM: 7-stop teleportation journey
  4705 | D:1      | XOM: god gift: 707 gold pieces
  5538 | D:1      | XOM: scenery: summon butterflies
  5544 | D:1      | XOM: god gift: 35 gold pieces
  5604 | D:1      | XOM: god gift: pair of boots {god gift}
  6122 | D:1      | XOM: silly message
  6294 | D:1      | XOM: silly message
  6988 | D:1      | XOM: draining
  7372 | D:1      | XOM is BORED!
  8369 | D:2      | XOM: god gift: knobbly emerald ring {god gift}
  8431 | D:2      | Reached XP level 4. HP: 17/23 MP: 0/0
  8460 | D:2      | XOM: scenery: create altars
  8532 | D:2      | XOM: scenery: summon butterflies
  8564 | D:2      | XOM: polymorph butterfly -> killer bee
  8610 | D:2      | XOM: divination: detect creatures
  8760 | D:2      | XOM: give mutations
  8760 | D:2      | Gained mutation: Your spells are a little harder to cast,
                  | but a little more powerful. [Xom's grace]
  8863 | D:2      | XOM: god gift: 32 gold pieces
  8891 | D:2      | XOM: give mutation
  8891 | D:2      | Gained mutation: You have sharp fingernails. [Xom's grace]
  8982 | D:3      | Noticed Sigmund
  8987 | D:3      | XOM: cast spell 'Iskenderun's Battlesphere'
  8995 | D:3      | Killed Sigmund
  8995 | D:3      | XOM: polymorph hobgoblin -> quokka
  8996 | D:3      | Reached XP level 5. HP: 22/41 MP: 0/0
  8996 | D:3      | Learned a level 2 spell: Ensorcelled Hibernation
  8996 | D:3      | Reached XP level 6. HP: 26/47 MP: 0/0
  9055 | D:3      | XOM: summons 4 hostile demons
  9456 | D:3      | Noticed Pargi
  9461 | D:3      | XOM: summons friendly quasit
  9465 | D:3      | Killed Pargi
  9478 | D:3      | XOM: give mutation
  9478 | D:3      | Gained mutation: You passively map a small area around you.
                  | [Xom's grace]
  9595 | D:3      | XOM: silly message
  9634 | D:3      | XOM: give mutations
  9634 | D:3      | Lost mutation: You have a somewhat thin skeletal structure.
                  | (Dex +2, Stealth+) [Xom's mischief]
  9634 | D:3      | Gained mutation: You are partially covered in iridescent
                  | scales. (AC +2) [Xom's mischief]
  9634 | D:3      | Gained mutation: You sometimes lose your temper in combat.
                  | [Xom's mischief]
  9634 | D:3      | Lost mutation: You passively dampen the noise of your
                  | surroundings. [Xom's mischief]
  9723 | D:3      | XOM: 1-stop teleportation journey
  9768 | D:3      | Reached XP level 7. HP: 49/51 MP: 0/0
  9768 | D:3      | Learned a level 2 spell: Static Discharge
  9771 | D:3      | XOM: divination: detect items
 10069 | D:3      | XOM: summons 3 hostile demons
 10513 | D:4      | XOM: confusion
 10594 | D:4      | Paralysed by a goblin for 3 turns
 10598 | D:4      | XOM: swap monsters
 10646 | D:4      | XOM: 4-stop teleportation journey
 10886 | D:3      | XOM: noise
 10939 | D:4      | XOM: silly message
 10995 | D:4      | Found a sand-covered staircase.
 11001 | Ossuary  | Entered an ossuary
 11033 | Ossuary  | Reached XP level 8. HP: 58/58 MP: 0/0
 11035 | Ossuary  | XOM: silly message
 11055 | Ossuary  | XOM: confuse monster(s)
 11283 | Ossuary  | XOM: silly message
 11569 | D:4      | XOM: noise
 11572 | D:4      | XOM: polymorph iguana -> river rat
 11620 | D:4      | Identified the +7 glaive "Hell-Harrower" {freeze, rN+ Str+5
                  | Stlth+}
 11934 | D:5      | Entered Level 5 of the Dungeon
 11936 | D:5      | XOM: give mutations
 11936 | D:5      | Lost mutation: You sometimes lose your temper in combat.
                  | [Xom's mischief]
 11936 | D:5      | Lost mutation: You have sharp fingernails. [Xom's mischief]
 12005 | D:5      | XOM: 2-stop teleportation journey
 12039 | D:5      | XOM: summons 5 hostile demons
 12040 | D:5      | Noticed an orange demon
 12040 | D:5      | XOM: enchant monster (bad)
 12044 | D:5      | HP: 1/58 [chaos spawn[Xom] (10)]
 12044 | D:5      | Slain by a chaos spawn

Illustrated notes

Levels and vault maps discovered:
D:1:      ebering_trefoil_3fold, layout_rooms,
          ebering_ecumenical_altar_sacrificial, chequers_serial_rivers_micro_d,
          minmay_misc_feat_iff, grunt_decor_resistance, minmay_statues_item,
          corner_web_ring, minmay_misc_feat_tiny, minmay_door_square,
          kennysheep_small_spiral
D:2:      layout_loops_ring, minivault_11
D:3:      minmay_spotlight, layout_basic, minmay_pentangle, uniq_sigmund,
          uniq_pargi
D:4:      layout_basic, nicolae_ossuary_entry_plus, saegor_snake_ambush
D:5:      layout_gridville, gammafunk_ghost_necromancy, uniq_ijyb

Skill      XL: |  1  2  3  4  5  6  7  8 |
---------------+-------------------------+-----
Spellcasting   | 1 2 3 4 |  4.2
Conjurations   | 1 2 3 4 |  4.2
Hexes          | 1 2 3 4 |  4.2
Summonings     | 1 2 3 4 |  4.2
Necromancy     | 1 2 3 4 |  4.2
Translocations | 1 2 3 4 |  4.2
Fire Magic     | 1 2 3 4 |  4.2
Ice Magic      | 1 2 3 4 |  4.2
Air Magic      | 1 2 3 4 |  4.2
Earth Magic    | 1 2 3 4 |  4.2
Alchemy        | 1 2 3 4 |  4.2
Long Blades    | 3 4 |  4.4
Armour         | 2 3 |  3.8
Dodging        | 3 4 |  4.7
Fighting       | 4 |  4.9

Action                     |  1- 3 |  4- 6 |  7- 9 || total
---------------------------+-------+-------+-------++-------
  Melee: Falchion          |    77 |    72 |   321 ||   470
   Cast: Ensorcelled Hiber |       |       |     1 ||     1
  Evoke: Wand              |       |       |     1 ||     1
    Use: Scroll            |     2 |     2 |     5 ||     9
         Potion            |     1 |       |     1 ||     2
   Stab: Sleeping          |     6 |     5 |     1 ||    12
         Distracted        |       |     1 |       ||     1
         Held in net/web   |       |       |     1 ||     1
         Petrifying        |       |       |     2 ||     2
         Paralysed         |       |       |     2 ||     2
 Armour: Leather armour    |    53 |    38 |   156 ||   247
  Dodge: Dodged            |    43 |    85 |   397 ||   525

Table legend: (Time is in decaauts)
 A = Elapsed time spent in this place.
 B = Non-inter-level travel time spent in this place.
 C = Inter-level travel time spent in this place.
 D = Time resting spent in this place.
 E = Time spent auto-exploring this place.
 F = Levels seen in this place.
 G = Mean time per level.
                   A        B        C        D        E       F      G
               +--------+--------+--------+--------+--------+-----+--------+
         Total |  12152 |  12001 |    151 |   7496 |   3114 |   6 | 2025.3 |
       Dungeon |  11717 |  11566 |    151 |   7440 |   2994 |   5 | 2343.4 |
       Ossuary |    435 |    435 |      0 |     56 |    119 |   1 |  435.0 |
               +--------+--------+--------+--------+--------+-----+--------+

Top non-repeatable levels by time:
     D:1: 8052 daAuts
     D:3: 1403 daAuts
     D:2: 1091 daAuts
     D:4: 1056 daAuts
 Ossuary: 435 daAuts
     D:5: 112 daAuts
